 Dungeon Crawl Stone Soup version 0.29.1-12-g30fa7ad0bf (webtiles) character file.

Game seed: 13368042105680264515

4 Gabide the Trooper (level 1, 0/18 HPs)
             Began as a Mummy Berserker on Dec 16, 2022.
             Was a Follower of Trog.
             Slain by a quokka (4 damage)
             ... on level 1 of the Dungeon.
             The game lasted 00:00:27 (332 turns).

Gabide the Trooper (Mummy Berserker)                 Turns: 332, Time: 00:00:28

Health: 0/18       AC:  2    Str: 20    XL:     1   Next: 58%
Magic:  1/1        EV: 12    Int:  6    God:    Trog [*.....]
Gold:   16         SH:  0    Dex: 11    Spells: 0/0 levels left

rFire   x . .      SeeInvis .     - Unarmed
rCold   + . .      Faith    .   (no shield)
rNeg    + + +      Spirit   .   a - +0 animal skin
rPois   ∞          Reflect  .   (no helmet)
rElec   .          Harm     .   (no cloak)
rCorr   .          Rampage  .   (no gloves)
Will    .....                   (no boots)
Stlth   +.........              (no amulet)
HPRegen 0.06/turn               (no ring)
MPRegen 0.07/turn               (no ring)

@: no status effects
A: cold resistance 1, negative energy resistance 3, torment resistance 2, heat
vulnerability 1, no potions
a: Renounce Religion


You were on level 1 of the Dungeon.
You worshipped Trog.
Trog was aware of your devotion.
You visited 1 branch of the dungeon, and saw 1 of its levels.

You collected 16 gold pieces.

Inventory:

Armour
 a - a +0 animal skin (worn)
Jewellery
 b - a +6 ring of intelligence
Scrolls
 c - a scroll of noise {unknown}


   Skills:
 * Level 3.1 Fighting
 - Level 1.5 Armour
 + Level 1.6 Dodging
 * Level 2.5 Unarmed Combat


You couldn't memorise any spells.
You didn't know any spells.
Your spell library was empty.

Dungeon Overview and Level Annotations

Branches:
Dungeon (1/15)

Altars:


Innate Abilities, Weirdness & Mutations

You are immune to poison.
Your flesh is cold resistant. (rC+)
You are immune to negative energy. (rN+++)
You are immune to unholy pain and torment.
You are vulnerable to heat. (rF-)
You do not drink.


Message History

The quokka bites you but does no damage.
You miss the quokka. The quokka bites you.
You closely miss the quokka. The quokka bites you.
You are too injured to fight recklessly!
You are too injured to fight recklessly!
You are too injured to fight recklessly!
You are too injured to fight recklessly!
You are too injured to fight recklessly!
You are too injured to fight recklessly!
You are too injured to fight recklessly!
You are too injured to fight recklessly!
You are too injured to fight recklessly!
You are too injured to fight recklessly!
You are too injured to fight recklessly!
You are too injured to fight recklessly!
You are too injured to fight recklessly!
You are too injured to fight recklessly!
You are too injured to fight recklessly!
You are too injured to fight recklessly!
You barely miss the quokka. The quokka closely misses you.
You hit the quokka but do no damage. The quokka bites you.
* * * LOW HITPOINT WARNING * * *
The quokka bites you.
* * * LOW HITPOINT WARNING * * *
You hit the quokka.
The quokka is moderately wounded.
The quokka closely misses you.
You closely miss the quokka.
The quokka is moderately wounded.
The quokka closely misses you.
You closely miss the quokka.
The quokka is moderately wounded.
The quokka completely misses you.
You hit the quokka but do no damage.
The quokka is moderately wounded.
The quokka barely misses you.
You closely miss the quokka.
The quokka is moderately wounded.
The quokka bites you.
You die...

#.........# #...#
#......#### #...#
######.##########
#.......#### #..........#
##.......#.. #.......##+
#..##################.#..
.....)lr@.....# #)#.>
#......######.# #.#..
#.....l #.#######.#.>
....... #.#.......#..
###(... #.........#.>
...... ##.........#..
#####.# #..........##+ #.
#..........#
##.....#....#


You could see a quokka and a frilled lizard.

Vanquished Creatures
  A goblin (D:1)
  A hobgoblin (D:1)
  A quokka (D:1)
  A frilled lizard (D:1)
4 creatures vanquished.

Notes
Turn   | Place    | Note
-------+----------+-------------------------------------------
     0 | D:1      | Gabide the Mummy Berserker began the quest for the Orb.
     0 | D:1      | Reached XP level 1. HP: 18/18 MP: 1/1
   332 | D:1      | Slain by a quokka

Illustrated notes

Levels and vault maps discovered:
D:1:      minmay_arrival_up_and_down, layout_basic, dk_noncrumbling_2

Action                   || total
-------------------------++-------
Melee: Unarmed           ||    25
Armor: Animal skin       ||     3
Dodge: Dodged            ||    14
